 Dungeon Crawl Stone Soup version 0.28.0-49-g6dfe1f597d (webtiles) character file.

Game seed: 3313635353396099510

1069 issech the Chopper (level 8, -2/78 HPs)
             Began as a Troll Monk on May 12, 2022.
             Succumbed to a water moccasin's poison
             ... on level 5 of the Dungeon.
             The game lasted 00:09:23 (3141 turns).

issech the Chopper (Troll Monk)                     Turns: 3141, Time: 00:09:24

Health: -2/78      AC:  4    Str: 20    XL:     8   Next: 7%
Magic:  7/7        EV: 11    Int:  6    God:
Gold:   229        SH:  0    Dex: 14    Spells: 7/7 levels left

rFire   . . .      SeeInvis .   k - +0 war axe
rCold   . . .      Faith    .   (no shield)
rNeg    + . .      Spirit   .   b - +0 robe
rPois   .          Reflect  .   (helmet restricted)
rElec   .          Harm     .   (no cloak)
rCorr   .          Rampage  .   (gloves unavailable)
Will    .....                   (boots unavailable)
Stlth   ++........              (no amulet)
HPRegen 1.03/turn               r - ring of positive energy
MPRegen 0.10/turn               u - ring of wizardry

@: lethally poisoned (-2 -> -19)
A: large, unfitting armour, claws 3, regeneration 1, shaggy fur 1, tough skin 1
a: no special abilities


You were on level 5 of the Dungeon.
You visited 1 branch of the dungeon, and saw 5 of its levels.

You collected 229 gold pieces.

Inventory:

Hand Weapons
 a - a +0 mace
 h - a +0 shortbow
 k - a +0 war axe (weapon)
 p - a +1 dagger of venom
 z - a +0 whip of flaming
Missiles
 e - 145 stones (quivered)
 g - 86 arrows
 i - 74 sling bullets
 j - 2 throwing nets
 m - 11 poisoned darts
 w - 17 bolts
Armour
 b - a +0 robe (worn)
Jewellery
 r - a ring of positive energy (left claw)
 u - a ring of wizardry (right claw)
Wands
 v - a wand of iceblast (12)
Scrolls
 c - 4 scrolls of teleportation
 l - a scroll of immolation
 o - 2 scrolls of torment
 q - a scroll of magic mapping
 t - a scroll of fear
 x - a scroll of identify
 y - a scroll of enchant armour {unknown}
Potions
 d - 2 potions of curing {unknown}
 f - 4 potions of brilliance {unknown}
 n - a potion of ambrosia {unknown}
 s - a potion of cancellation {unknown}


   Skills:
 + Level 4.1 Fighting
 + Level 0.4 Short Blades
 + Level 4.5(5.2) Axes
 + Level 4.3(5.4) Maces & Flails
 + Level 0.5 Throwing
 + Level 4.5 Dodging
 + Level 1.3 Stealth


You had 7 spell levels left.
You didn't know any spells.
Your spell library contained the following spells:

 Spells                   Type           Power      Damage    Failure   Level
 Animate Skeleton         Necr           0%         N/A       21%         1
 Magic Dart               Conj           0%         1d3       21%         1
 Pain                     Necr           0%         1d4       21%         1
 Searing Ray              Conj           0%         2d4       28%         2
 Vampiric Draining        Necr           0%         2d6       50%         3
 Fulminant Prism          Conj/Hex       0%         3d6       86%         4


Dungeon Overview and Level Annotations

Branches:
Dungeon (5/15)
 Temple: D:4-7

Altars:
Okawaru

Shops:
D:5 *


Innate Abilities, Weirdness & Mutations

You are too large for most types of armour.
You have claws for hands.
Your natural rate of healing is unusually fast.
You are covered in fur. (AC +1)
You have tough skin. (AC +1)


Message History

The water moccasin is moderately wounded.
The water moccasin bites you but does no damage.
The water moccasin bites you.
You hit the water moccasin.
The water moccasin is moderately wounded.
The water moccasin bites you.
You are poisoned.
The water moccasin poisons you!
You closely miss the water moccasin.
The water moccasin is moderately wounded.
You feel very sick. The water moccasin closely misses you.
The water moccasin bites you.
You are more poisoned.
The water moccasin poisons you!
You slash the water moccasin!
The water moccasin is almost dead.
You feel very sick. The water moccasin bites you.
You are more poisoned.
The water moccasin poisons you! The water moccasin misses you.
You closely miss the water moccasin.
The water moccasin is almost dead.
* * * LOW HITPOINT WARNING * * *
You feel extremely sick. The water moccasin bites you.
* * * LOW HITPOINT WARNING * * *
The water moccasin bites you.
* * * LOW HITPOINT WARNING * * *
You are more poisoned.
The water moccasin poisons you!
You hit the water moccasin.
The water moccasin is almost dead.
* * * LOW HITPOINT WARNING * * *
You feel extremely sick.
The water moccasin bites you but does no damage.
The water moccasin barely misses you.
Unknown command.
You hit the water moccasin but do no damage.
The water moccasin is almost dead.
You die...

#.....>.# #.......# #.......#
#.......# #.......#
#.......#### # #........
################.#.####♣.....
#...........@S...# ...#..####
#.###########.#### #.♣∩♣# #
#.# #.....# #.# #...# # #.#
#.....# #.# #.#♣# # #.#
#.....# #.#######.# # #.#
#.....# #.#......[# #
#.###.....###.##.####.# #
#...'.....'......###### #
#####.....###.........# ##


You could see a water moccasin.

Vanquished Creatures
  Pikel (D:5)
  A black bear (D:4)
  A sky beast (D:4)
  2 scorpions (D:5)
  A water moccasin skeleton (D:3)
  The ghost of THEBESTLOSER the Slasher, a weakling MiGl (D:4)
  Terence (D:3)
  An iguana (D:4)
  A hound skeleton (D:4)
  4 gnolls (D:2)
  6 adders
  An ufetubus (D:4)
  An adder skeleton (D:4)
  A worm (D:4)
  2 dart slugs (D:2)
  An orc (D:5)
  10 ball pythons
  2 endoplasms
  2 giant cockroaches (D:1)
  8 goblins
  3 hobgoblins
  10 jackals
  3 quokkas
  5 bats
  4 frilled lizards (D:3)
  3 kobolds
  7 rats
83 creatures vanquished.

Vanquished Creatures (others)
  2 withered plants (D:4)
2 creatures vanquished.

Grand Total: 85 creatures vanquished

Notes
Turn   | Place    | Note
-------+----------+-------------------------------------------
     0 | D:1      | issech the Troll Monk began the quest for the Orb.
     0 | D:1      | Reached XP level 1. HP: 22/22 MP: 0/0
    88 | D:1      | Reached XP level 2. HP: 26/29 MP: 1/1
   264 | D:1      | Found a faded altar of an unknown god.
   293 | D:1      | Reached XP level 3. HP: 36/36 MP: 2/2
   848 | D:2      | Found an iron altar of Okawaru.
   970 | D:2      | Reached XP level 4. HP: 21/44 MP: 3/3
  1383 | D:3      | Noticed Terence
  1391 | D:3      | Killed Terence
  1392 | D:3      | Reached XP level 5. HP: 41/53 MP: 4/4
  1546 | D:3      | Reached skill level 1 in Axes
  1880 | D:4      | Found a runed translucent door.
  1882 | D:4      | Noticed THEBESTLOSER's ghost (weakling MiGl)
  1989 | D:4      | Killed THEBESTLOSER's ghost
  1990 | D:4      | Reached XP level 6. HP: 25/61 MP: 5/5
  2067 | D:4      | Noticed a sky beast
  2082 | D:4      | Killed a sky beast
  2471 | D:5      | Entered Level 5 of the Dungeon
  2511 | D:5      | Reached XP level 7. HP: 44/67 MP: 6/6
  2819 | D:5      | Noticed Pikel
  2833 | D:5      | Killed Pikel
  2834 | D:5      | Reached XP level 8. HP: 62/78 MP: 7/7
  3065 | D:5      | Found Uschori's General Store.
  3141 | D:5      | Succumbed to a water moccasin's poison

Illustrated notes

Levels and vault maps discovered:
D:1:      dpeg_arrival_pits, layout_rooms, nicolae_ecumenical_snake_handling
D:2:      layout_basic, basic_altar, supply_closet_lemuel
D:3:      layout_rooms, interstate_on_off, minmay_misc_feat_columns,
          nrook_loot_triangle, uniq_terence
D:4:      layout_rooms, gammafunk_ghost_grave, hangedman_decor_opposing
D:5:      layout_basic, serial_shops, nicolae_shop_trees,
          minmay_misc_feat_rugged, uniq_pikel

Skill      XL: |  1  2  3  4  5  6  7 |
---------------+----------------------+-----
Maces & Flails | 3 4 |  4.3
Dodging        | 3 4 |  4.5
Fighting       | 3 4 |  4.1
Axes           | 1 3 4 |  4.5
Short Blades   | |  0.4
Throwing       | |  0.5
Stealth        | |  1.3

Action                   |  1- 3 |  4- 6 |  7- 9 || total
-------------------------+-------+-------+-------++-------
Melee: Mace              |   124 |    32 |       ||   156
       Punch             |     2 |     3 |       ||     5
       War axe           |       |   129 |    35 ||   164
       Dagger            |       |    11 |       ||    11
Throw: Stone             |     3 |    10 |       ||    13
  Use: Scroll            |       |     5 |       ||     5
 Stab: Sleeping          |       |     1 |       ||     1
Armor: Robe              |    68 |    69 |     5 ||   142
Dodge: Dodged            |    95 |   117 |    20 ||   232
